 Dungeon Crawl Stone Soup version 0.29.1-12-g30fa7ad0bf (webtiles) character file.

Game seed: 14621576456404480416

237 rakiston the Caller (level 6, 36/41 HPs)
             Began as a Merfolk Summoner on Jan 13, 2023.
             Was an Initiate of Okawaru.
             Quit the game on level 4 of the Dungeon.
             The game lasted 00:38:33 (3347 turns).

rakiston the Caller (Merfolk Summoner)              Turns: 3347, Time: 00:38:33

Health: 36/41      AC:  7    Str:  8    XL:     6   Next: 6%
Magic:  18/18      EV: 12    Int: 16    God:    Okawaru [......]
Gold:   255        SH:  0    Dex: 15    Spells: 3/9 levels left

rFire   . . .      SeeInvis .   F - +0 spear (venom)
rCold   . . .      Faith    .   (no shield)
rNeg    . . .      Spirit   .   a - +0 robe
rPois   .          Reflect  .   H - +2 helmet
rElec   .          Harm     .   (no cloak)
rCorr   .          Rampage  .   i - +0 pair of gloves
Will    +....                   l - +0 pair of boots
Stlth   ++........              (no amulet)
HPRegen 0.13/turn               A - ring of willpower
MPRegen 0.16/turn               C - ring of magical power

@: no status effects
A: (nimble swimmer 2), mertail
a: Renounce Religion


You were on level 4 of the Dungeon.
You worshipped Okawaru.
Okawaru was noncommittal.
You visited 2 branches of the dungeon, and saw 5 of its levels.

You collected 255 gold pieces.

Inventory:

Hand Weapons
 k - a +2 short sword of draining
 w - the +5 war axe of Piaga {flame, rN++}
   (You found it on level 3 of the Dungeon)

   It burns those it strikes, dealing additional fire damage.
   Big, fiery blades are also staple armaments of hydra-hunters.
   rN:        It greatly protects you from negative energy.
 F - a +0 spear of venom (weapon)
Missiles
 e - a throwing net
 h - 12 stones (quivered)
 p - 6 poisoned darts
Armour
 a - a +0 robe (worn)
 i - a +0 pair of gloves (worn)
 l - a +0 pair of boots (worn)
 H - a +2 helmet (worn)
Jewellery
 y - an amulet of faith
 A - a ring of willpower (left hand)
 C - a ring of magical power (right hand)
 E - a ring of protection from fire
Wands
 u - a wand of acid (11)
Scrolls
 c - a scroll of amnesia
 f - a scroll of silence
 o - 2 scrolls of vulnerability
 r - 2 scrolls of noise
 v - a scroll of brand weapon {unknown}
 z - a scroll of enchant weapon
 D - a scroll of summoning {unknown}
Potions
 b - 2 potions of magic
 d - 6 potions of curing
 g - a potion of degeneration
 j - a potion of berserk rage {unknown}
 n - a potion of brilliance {unknown}
 q - a potion of haste {unknown}
 s - a potion of invisibility {unknown}
 t - a potion of heal wounds {unknown}
 x - a potion of ambrosia {unknown}
 B - a potion of resistance {unknown}
 G - a potion of mutation {unknown}


   Skills:
 - Level 0.1 Short Blades
 - Level 2.6 Dodging
 - Level 2.1 Stealth
 - Level 2.1 Spellcasting
 + Level 7.1 Summonings


You had 3 spell levels left.
You knew the following spells:

 Your Spells              Type           Power      Damage    Failure   Level
a - Summon Small Mammal   Summ           96%        N/A       1%          1
b - Call Imp              Summ           24%        N/A       1%          2
c - Call Canine Familiar  Summ           24%        N/A       3%          3

Your spell library contained the following spells:

 Spells                   Type           Power      Damage    Failure   Level
 Apportation              Tloc           2%         N/A       21%         1
 Necrotise                Necr           4%         1d4       21%         1
 Blink                    Tloc           2%         N/A       30%         2
 Ensorcelled Hibernation  Hex/Ice        2%         N/A       30%         2
 Passwall                 Tmut/Erth      0%         N/A       30%         2
 Lesser Beckoning         Tloc           1%         N/A       52%         3
 Swiftness                Air            1%         N/A       52%         3
 Manifold Assault         Tloc           1%         N/A       99%         5
 Summon Guardian Golem    Hex/Summ       Unusable   N/A       N/A         3
 Summon Lightning Spire   Summ/Air       Unusable   N/A       N/A         4

Dungeon Overview and Level Annotations

Branches:
Dungeon (4/15)             Temple (1/1) D:4

Altars:
Ashenzari
Cheibriados
Dithmenos
Gozag
Makhleb
Nemelex Xobeh
Okawaru
Qazlal
Ru
Sif Muna
Trog
Vehumet
Wu Jian
Xom
Yredelemnul
Zin

Annotations:
D:3 3 runed translucent doors, sigtrap's ghost, amateur GrHu
D:4 Eustachio; Pikel


Innate Abilities, Weirdness & Mutations

((You are very nimble when in or above water. (Stealth+, EV+, Speed+++)))
Your lower body shifts to a powerful aquatic tail in water.


Message History

There is a stone staircase leading down here.
Found a potion of curing.
Pikel and 3 lemures come into view.
Pikel is wielding a +2 whip of freezing.
The lemure shouts!
Pikel shouts!
The lemure shouts!
You hear a shout!
Casting: Call Canine Familiar (dangerous; 3% risk of failure)
Confirm with . or Enter, or press ? or * to list all spells.
You don't know that spell.
Unknown command.
Casting: Call Canine Familiar (dangerous; 3% risk of failure)
Confirm with . or Enter, or press ? or * to list all spells.
You cannot coerce anything to answer your summons.
Casting: Call Canine Familiar (dangerous; 3% risk of failure)
Confirm with . or Enter, or press ? or * to list all spells.
You cannot coerce anything to answer your summons.
Casting: Call Canine Familiar (dangerous; 3% risk of failure)
Confirm with . or Enter, or press ? or * to list all spells.
You cannot coerce anything to answer your summons.
Okay, then.
Okay, then.
Aiming: Corrosive Bolt
Press: ? - help, Shift-Dir - straight line, f - Pikel
Aim: Pikel, wielding a +2 whip of freezing and wearing a +0 robe (64% to hit)
The bolt of acid misses Pikel.
You hear a shout!
Pikel says, "I'm sure the Orcish Mines are around here somewhere..."
As you read the scroll of teleportation, it crumbles to dust.
You feel strangely unstable.
Pikel hits you with a +2 whip of freezing.
Pikel freezes you. Pikel attacks as you move away! Pikel closely misses you.
Your surroundings suddenly seem different.
An ufetubus comes into view.
Found a bubbling pink potion.
Found a stone staircase leading up.
Casting: Call Canine Familiar (dangerous; 3% risk of failure)
Confirm with . or Enter, or press ? or * to list all spells.
You cannot coerce anything to answer your summons.
Okay, then.
Are you sure you want to abandon this character and quit the game? (Confirm with "yes".)

# ### ..5
..# #.!.#
..##
#...###...#
#...@.#
#####.# <#
#.. ..
......
....#.
#..#.#
..... ...


There were no monsters in sight!

Vanquished Creatures
  2 dart slugs (D:3)
  3 bats
  A ball python (D:2)
  A rat (D:3)
7 creatures vanquished.

Vanquished Creatures (collateral kills)
  A black bear (D:4)
  A hound (D:4)
  A scorpion zombie (D:3)
  2 adders (D:2)
  3 worms (D:2)
  4 dart slugs (D:3)
  6 endoplasms
  3 hobgoblins
  4 jackals (D:2)
  2 kobolds
  3 quokkas
  2 ball pythons
  A ball python zombie (D:3)
  3 bats
  A frilled lizard (D:2)
  6 goblins
  4 rats
47 creatures vanquished.

Grand Total: 54 creatures vanquished

Notes
Turn   | Place    | Note
-------+----------+-------------------------------------------
     0 | D:1      | rakiston the Merfolk Summoner began the quest for the Orb.
     0 | D:1      | Reached XP level 1. HP: 13/13 MP: 3/3
   323 | D:1      | Found a faded altar of an unknown god.
   374 | D:1      | Reached XP level 2. HP: 19/19 MP: 1/5
   533 | D:1      | Learned a level 2 spell: Call Imp
   805 | D:2      | Reached XP level 3. HP: 24/24 MP: 0/6
   825 | D:2      | Learned a level 3 spell: Call Canine Familiar
  1052 | D:2      | Reached skill level 5 in Summonings
  1396 | D:2      | Reached XP level 4. HP: 30/30 MP: 3/7
  1538 | D:3      | Identified the +5 war axe of Piaga {flame, rN++}
  1828 | D:3      | Found a runed translucent gate.
  1828 | D:3      | Found a runed translucent gate.
  1828 | D:3      | Found a runed translucent gate.
  1828 | D:3      | Noticed sigtrap's ghost (amateur GrHu)
  1830 | D:3      | Found a basalt altar of Yredelemnul.
  1912 | D:3      | Reached skill level 6 in Summonings
  2907 | D:3      | Reached XP level 5. HP: 35/35 MP: 8/8
  3056 | D:4      | Noticed a black bear
  3087 | D:4      | Killed a black bear
  3153 | D:4      | Noticed Eustachio
  3169 | D:4      | Reached skill level 7 in Summonings
  3169 | D:4      | Reached XP level 6. HP: 39/41 MP: 5/9
  3217 | D:4      | Found a staircase to the Ecumenical Temple.
  3231 | Temple   | Entered the Ecumenical Temple
  3280 | Temple   | Became a worshipper of Warmaster Okawaru
  3336 | D:4      | Noticed Pikel
  3347 | D:4      | Quit the game

Illustrated notes

Levels and vault maps discovered:
D:1:      dpeg_arrival_radiant, layout_rooms, dreamdust_ecumenical_altar_statues
D:2:      layout_loops_ring, minmay_tromino_v4_a
D:3:      kennysheep_slugbush, layout_basic, nicolae_yredelemnul_ghost_church
D:4:      layout_rooms, minmay_temple_entry_grid, uniq_eustachio, uniq_grinder,
          uniq_pikel
Temple:   hellmonk_temple_two_chambers

Skill      XL: |  1  2  3  4  5 |
---------------+----------------+-----
Summonings     | 5 6 7 |  7.1
Short Blades   | |  0.1
Dodging        | |  2.6
Stealth        | |  2.1
Spellcasting   | |  2.1

Action                   |  1- 3 |  4- 6 || total
-------------------------+-------+-------++-------
Melee: Short sword       |    10 |     7 ||    17
       Punch             |     1 |       ||     1
Throw: Stone             |     9 |    10 ||    19
 Cast: Summon Small Mamm |    33 |    24 ||    57
       Call Imp          |    15 |    14 ||    29
       Call Canine Famil |       |     9 ||     9
Evoke: Wand              |       |     1 ||     1
  Use: Potion            |     1 |       ||     1
       Scroll            |     5 |     3 ||     8
Armor: Robe              |    16 |     5 ||    21
Dodge: Dodged            |    24 |    14 ||    38
